 Dungeon Crawl Stone Soup version 0.28-a0-704-g4d584c6bc1 (webtiles) character file.

Game seed: 16938669921398230180

906 BlueGoblin the Conjurer (level 8, 0/46 HPs)
             Began as an Octopode Conjurer on Oct 24, 2021.
             Was an Initiate of Gozag.
             Slain by an acid dragon (11 damage)
             ... on level 5 of the Dungeon.
             The game lasted 00:14:27 (6509 turns).

BlueGoblin the Conjurer (Octopode Conjurer)         Turns: 6509, Time: 00:14:28

Health: 0/46       AC:  1    Str:  7    XL:     8   Next: 8%
Magic:  8/15       EV: 13    Int: 22    God:    Gozag
Gold:   251        SH:  0    Dex: 10    Spells: 14/17 levels left

rFire   . . .      SeeInvis .   d - +0 dagger
rCold   . . .      Faith    .   (no shield)
rNeg    . . .      Spirit   .   (helmet restricted)
rPois   .          Reflect  .   (no amulet)
rElec   .          Harm     .   (no ring)
rCorr   .          Rampage  .   (no ring)
Will    .....                   (no ring)
Stlth   ++++......              (no ring)
HPRegen 0.15/turn               (no ring)
MPRegen 0.14/turn               (no ring)
                                (no ring)
                                (no ring)

@: no status effects
A: almost no armour, amphibious, 8 rings, camouflage 1, gelatinous body 1,
(nimble swimmer 1), tentacles
a: Renounce Religion, Potion Petition, Call Merchant, Bribe Branch


You were on level 5 of the Dungeon.
You worshipped Gozag.
Gozag was aware of your devotion.
You visited 2 branches of the dungeon, and saw 6 of its levels.

You collected 306 gold pieces.
You paid 55 gold pieces to Gozag.

Inventory:

Hand Weapons
 d - a +0 dagger (weapon)
Missiles
 a - 35 poisoned darts
Jewellery
 h - a ring of ice
Scrolls
 b - a scroll of holy word
 f - a scroll of teleportation {unknown}
Potions
 e - 2 potions of might
 g - a potion of magic {unknown}
 i - a potion of cancellation
 j - a potion of ambrosia {unknown}


   Skills:
 + Level 3.4 Dodging
 + Level 5.1 Stealth
 + Level 5.1 Spellcasting
 + Level 7.1 Conjurations


You had 14 spell levels left.
You knew the following spells:

 Your Spells              Type           Power      Damage    Failure   Level
a - Searing Ray           Conj           74%        2d7       1%          2
c - Magic Dart            Conj           100%       1d8       1%          1

Your spell library contained the following spells:

 Spells                   Type           Power      Damage    Failure   Level
 Dazzling Flash           Conj/Hex       42%        N/A       7%          3
 Animate Skeleton         Necr           10%        N/A       10%         1
 Apportation              Tloc           10%        N/A       10%         1
 Pain                     Necr           20%        1d5       10%         1
 Fulminant Prism          Conj/Hex       10%        3d9       22%         4
 Iskenderun's Mystic Bla  Conj/Tloc      21%        2d6       22%         4
 Call Canine Familiar     Summ           5%         N/A       30%         3
 Portal Projectile        Hex/Tloc       10%        N/A       30%         3
 Vampiric Draining        Necr           2%         2d6       30%         3
 Leda's Liquefaction      Hex/Erth       2%         N/A       69%         4


Dungeon Overview and Level Annotations

Branches:
Dungeon (5/15)             Temple (1/1) D:4

Altars:
Ashenzari
Cheibriados
Elyvilon
Fedhas
Gozag
Kikubaaqudgha
Makhleb
Okawaru
Qazlal
Sif Muna
Trog
Vehumet
Wu Jian
Xom
Yredelemnul
The Shining One


Innate Abilities, Weirdness & Mutations

You cannot wear most types of armour.
You are amphibious.
You can wear up to eight rings at the same time.
Your skin changes colour to match your surroundings (Stealth+).
Your rubbery body absorbs attacks. (AC +1, EV +1)
((You are camouflaged near water. (Stealth+)))
You have tentacles for arms and can constrict up to eight enemies at once.


Message History

The acid dragon is lightly wounded.
The acid dragon roars! (Press . to maintain the ray.)
The searing ray hits the acid dragon.
The acid dragon is moderately wounded.
The acid dragon misses you. The acid dragon claws you.
The searing ray misses the acid dragon.
The acid dragon bites you. The acid dragon barely misses you.
The searing ray misses the acid dragon.
You finish channelling your searing ray.
The acid dragon bites you. The acid dragon barely misses you.
The acid dragon closely misses you. The acid dragon claws you.
Hit: d) +0 dagger
Press: ? - help, Dir - move target, f/p - acid dragon
Aim: an acid dragon (moderately wounded, about 40% to evade your +0 dagger)
Okay, then.
Unknown command.
Unknown command.
Casting: Searing Ray (safe; 1% risk of failure)
Confirm with . or Enter, or press ? or * to list all spells.
Aiming: Searing Ray (safe; 1% risk of failure)
Press: ? - help, Shift-Dir - straight line, f/p - acid dragon
Aim: an acid dragon (moderately wounded, 81% to hit)
The searing ray hits the acid dragon!
The acid dragon is severely wounded. (Press . to maintain the ray.)
The acid dragon barely misses you. The acid dragon misses you.
The searing ray hits the acid dragon but does no damage.
The acid dragon is severely wounded.
The acid dragon spits acid at you. The splash of acid hits you!!
Ouch! That really hurt!
* * * LOW HITPOINT WARNING * * *
You hear a shout!
You feel better. The acid dragon bites you!
* * * LOW HITPOINT WARNING * * *
The acid dragon barely misses you.
You feel better. The acid dragon bites you!
You die...
Your body crumbles into a pile of gold.

................#..........#
.#...........#.............#
.#.......#####....##########
##).........).....#
##.#####.........## ##.#
#.........# ##)# #.........#
<#.# #.......>.# ...#
#........@# ####
#.........D..# #
#.........#### # #.........#
# #.........# # ###########
$


You could see an acid dragon (catching breath).

Vanquished Creatures
  A phantom (D:4)
  2 ogres
  A centaur (D:5)
  A water moccasin zombie (D:5)
  A centaur zombie (D:5)
  A hound (D:5)
  2 orc priests (D:5)
  3 iguanas
  8 orc wizards
  5 adders
  An ufetubus (D:5)
  2 dart slugs
  10 orcs
  4 endoplasms
  5 giant cockroaches
  4 goblins
  7 hobgoblins
  4 jackals (D:3)
  2 quokkas
  5 ball pythons
  5 bats
  3 frilled lizards
  7 kobolds
  3 rats
87 creatures vanquished.

Notes
Turn   | Place    | Note
-------+----------+-------------------------------------------
     0 | D:1      | BlueGoblin the Octopode Conjurer began the quest for the
                  | Orb.
     0 | D:1      | Reached XP level 1. HP: 11/11 MP: 3/3
   221 | D:1      | Reached XP level 2. HP: 17/17 MP: 1/5
   299 | D:1      | Found a faded altar of an unknown god.
   460 | D:1      | Learned a level 2 spell: Searing Ray
  1007 | D:1      | Reached XP level 3. HP: 21/21 MP: 4/6
  1919 | D:3      | Reached skill level 5 in Conjurations
  2077 | D:3      | Reached XP level 4. HP: 27/27 MP: 3/7
  3411 | D:4      | Noticed an ogre
  3470 | D:4      | Killed an ogre
  3471 | D:4      | Reached XP level 5. HP: 31/31 MP: 2/9
  3727 | D:4      | Noticed a phantom
  3756 | D:4      | Killed a phantom
  3757 | D:4      | Reached XP level 6. HP: 19/36 MP: 1/11
  4168 | D:4      | Reached skill level 6 in Conjurations
  4492 | D:4      | Found a staircase to the Ecumenical Temple.
  4911 | D:4      | Found a shimmering blue altar of Sif Muna.
  4933 | D:4      | Reached XP level 7. HP: 32/41 MP: 1/13
  5027 | D:4      | Got Sif Muna's Tome of the Voyage
  5162 | Temple   | Entered the Ecumenical Temple
  5167 | Temple   | Became a worshipper of Gozag Ym Sagoz the Greedy
  5204 | D:5      | Entered Level 5 of the Dungeon
  6274 | D:5      | Reached skill level 5 in Stealth
  6274 | D:5      | Reached skill level 5 in Spellcasting
  6274 | D:5      | Reached skill level 7 in Conjurations
  6274 | D:5      | Reached XP level 8. HP: 46/46 MP: 5/15
  6509 | D:5      | Slain by an acid dragon

Illustrated notes

Levels and vault maps discovered:
D:1:      dpeg_arrival_rooms_c, layout_basic,
          shapermc_ecumenical_altar_totnotflames
D:2:      layout_basic
D:3:      layout_basic, minmay_misc_feat_columns, guppyfry_early_orc_mine
D:4:      layout_loops_ring, led_sif_book, minmay_temple_entry_stoned_glass
D:5:      layout_basic
Temple:   minmay_freezing_vapour_temple

Skill      XL: |  1  2  3  4  5  6  7 |
---------------+----------------------+-----
Conjurations   | 5 6 7 |  7.1
Stealth        | 3 4 5 |  5.1
Spellcasting   | 3 4 5 |  5.1
Dodging        | 3 |  3.4

Action                   |  1- 3 |  4- 6 |  7- 9 || total
-------------------------+-------+-------+-------++-------
Melee: Unarmed           |     7 |     2 |       ||     9
       Constrict         |     2 |     1 |       ||     3
 Cast: Magic Dart        |    47 |    31 |     7 ||    85
       Searing Ray       |    12 |    24 |    19 ||    55
  Use: Scroll            |     4 |       |     3 ||     7
       Potion            |       |     2 |     2 ||     4
Armor: Skin              |     2 |     3 |     1 ||     6
Dodge: Dodged            |    20 |    17 |    29 ||    66

Table legend: (Time is in decaauts)
 A = Elapsed time spent in this place.
 B = Non-inter-level travel time spent in this place.
 C = Inter-level travel time spent in this place.
 D = Time resting spent in this place.
 E = Time spent auto-exploring this place.
 F = Levels seen in this place.
 G = Mean time per level.
                   A        B        C        D        E       F      G
               +--------+--------+--------+--------+--------+-----+--------+
         Total |   6510 |   6360 |    150 |   1370 |   4237 |   6 | 1085.0 |
       Dungeon |   6497 |   6351 |    146 |   1370 |   4237 |   5 | 1299.4 |
        Temple |     13 |      9 |      4 |      0 |      0 |   1 |   13.0 |
               +--------+--------+--------+--------+--------+-----+--------+

Top non-repeatable levels by time:
     D:3: 1754 daAuts
     D:4: 1749 daAuts
     D:1: 1211 daAuts
     D:5: 1128 daAuts
     D:2: 654 daAuts
  Temple: 13 daAuts
